 Dungeon Crawl Stone Soup version 0.19.1-28-ge1247f7 (webtiles) character file.

3880 Alarkh the Cleaver (level 10, -8/79 HPs)
             Began as a Demonspawn Monk on Jan 21, 2017.
             Was an Elder of Trog.
             Mangled by an ogre
             ... wielding a +0 giant club
              (13 damage)
             ... on level 8 of the Dungeon.
             The game lasted 00:10:22 (6724 turns).

Alarkh the Cleaver (Demonspawn Monk)                Turns: 6724, Time: 00:10:23

Health: -8/79      AC:  7    Str: 11    XL:     10   Next: 0%
Magic:  10/10      EV: 12    Int: 15    God:    Trog [****..]
Gold:   344        SH:  5    Dex: 16    Spells: 0 memorised, 9 levels left

rFire  + . .     SeeInvis .     O - +1 hand axe (distort)
rCold  . . .     Gourm    .     b - +0 robe
rNeg   . . .     Faith    .     (no shield)
rPois  .         Spirit   .     x - +2 hat
rElec  .         Reflect  +     (no cloak)
rCorr  .         Harm     .     L - +0 pair of gloves
MR     .....                    (no boots)
Stlth  +++.......               r - +5 amulet of reflection
                                v - -3 ring of evasion (curse)
                                o - ring of protection from fire

@: exhausted, slowed, heavily drained, very slow
A: claws 2, slimy green scales 1, powered by death 1, spiny 1
a: Berserk, Trog's Hand, Brothers in Arms, Burn Spellbooks, Renounce Religion


You were on level 8 of the Dungeon.
You worshipped Trog.
Trog was greatly pleased with you.
You were not hungry.

You visited 2 branches of the dungeon, and saw 9 of its levels.

You collected 344 gold pieces.

Inventory:

Hand Weapons
 a - a +1 vampiric hand axe
 q - a +0 hand axe
 O - a +1 hand axe of distortion (weapon)
Missiles
 G - 2 throwing nets (quivered)
Armour
 b - a +0 robe (worn)
 x - a +2 hat (worn)
 L - a +0 pair of gloves (worn)
Jewellery
 o - a ring of protection from fire (left hand)
 r - a +5 amulet of reflection (around neck)
 v - a cursed -3 ring of evasion (right hand)
Wands
 R - a wand of flame (24/48)
 T - a wand of slowing (10/48)
Scrolls
 d - 3 scrolls of teleportation {unknown}
 e - a scroll of identify
 f - 2 scrolls of fog {unknown}
 j - a scroll of random uselessness {unknown}
 l - 2 scrolls of enchant armour {unknown}
 m - 2 scrolls of recharging {unknown}
 n - a scroll of enchant weapon {unknown}
 s - 2 scrolls of remove curse {unknown}
 y - 2 scrolls of blinking {unknown}
 z - 2 scrolls of amnesia {unknown}
 C - a scroll of fear {unknown}
 D - 2 scrolls of noise {unknown}
 I - a scroll of magic mapping {unknown}
 J - a scroll of immolation {unknown}
Potions
 g - 3 potions of heal wounds
 h - 6 potions of curing
 i - a potion of magic
 k - a potion of agility
 p - 2 potions of invisibility
 t - 2 potions of berserk rage {unknown}
 A - a potion of cure mutation {unknown}
 F - a potion of might {unknown}
 K - a potion of brilliance {unknown}
 N - a potion of beneficial mutation {unknown}
 P - a potion of degeneration {unknown}
Books
 H - a book of Maledictions

   Spells                             Type                      Level
   a - Corona                         Hexes                        1
   b - Ensorcelled Hibernation        Hexes/Ice                    2
   c - Confuse                        Hexes                        3
   d - Tukima's Dance                 Hexes                        3
   e - Dazzling Spray                 Conjuration/Hexes            3
   Trog disapproves of the use of such an item.
 M - a book of Cantrips

   Spells                             Type                      Level
   a - Confusing Touch                Hexes                        1
   b - Animate Skeleton               Necromancy                   1
   c - Summon Small Mammal            Summoning                    1
   d - Apportation                    Translocation                1
   Trog disapproves of the use of such an item.
Comestibles
 c - 3 beef jerkies
 u - 4 bread rations
 w - a royal jelly
 B - 4 meat rations
 E - a slice of pizza
 Q - a chunk of flesh
 S - 2 fruits


   Skills:
 + Level 7.2(5.6) Fighting
 + Level 9.3(7.7) Axes
 + Level 6.2(4.7) Dodging
 + Level 5.8(4.4) Stealth


You had 9 spell levels left.
You didn't know any spells.

Dungeon Overview and Level Annotations

Branches:
Dungeon (8/15)             Temple (1/1) D:4
   Lair: D:8-11

Altars:
Ashenzari
Cheibriados
Dithmenos
Elyvilon
Fedhas
Gozag
Hepliaklqana
Makhleb
Nemelex Xobeh
Okawaru
Qazlal
Ru
Sif Muna
Trog
Uskayaw
Vehumet
Xom
Yredelemnul
Zin
The Shining One


Innate Abilities, Weirdness & Mutations

You have very sharp fingernails.
You are partially covered in slimy green scales. (AC +2)
You regenerate a little health from kills.
You are partially covered in sharp spines.


Message History

Number of times to repeat, then command key: You must enter the number of times for the command to repeat.
Unknown command.
You see here an iguana corpse.
You butcher the iguana corpse.
You feel a strong urge to attack something.
Q - 2 chunks of flesh (gained 1)
You see here an iguana skeleton.
You are no longer berserk.
You are exhausted.
You feel yourself slow down.
An ogre comes into view. It is wielding a giant club.
Eat one of 2 chunks of flesh? (ye/n/q)
You start eating one of the 2 chunks of flesh.
The ogre hits you with a giant club!
* * * LOW HITPOINT WARNING * * *
This raw flesh tastes terrible.
You barely miss the ogre. The ogre is struck by your spines.
The ogre hits you with a giant club!
You die...

#......## #..#.#
...... ........#
.(..##......
#......####...........
#......<.......?......
#..........)..........
#......#...#.#).......
#.....<#..##÷)).......
#...........##†#.....
#######.#@O.##.# ...
#..###$##.# .
#.##......#
..#.............
###..............
#..............
#...........[..
#..............
#...........)$.


You could see an ogre.

Vanquished Creatures
  Pikel (D:6)
  Joseph (D:7)
  The ghost of Exporg the Shield-Bearer, a novice MiFi (D:5)
  A hippogriff (D:7)
  An ice beast (D:4)
  An orc warrior (D:4)
  A sky beast (D:7)
  4 slaves (D:6)
  A black bear (D:8)
  2 phantoms (D:7)
  An ogre (D:5)
  A crocodile (D:7)
  The ghost of Paps the Covered, an amateur GrFi (D:4)
  A bullfrog (D:6)
  2 scorpions
  10 wights
  2 howler monkeys
  2 crimson imps
  6 orc wizards
  A centaur skeleton (D:5)
  3 hounds
  6 orc priests
  2 jellies
  2 bullfrog skeletons
  Ijyb (D:3)
  3 iguanas
  Jessica (D:2)
  3 worker ants
  Robin (D:3)
  6 gnolls
  2 worker ant zombies
  7 adders
  A shadow imp (D:5)
  An adder zombie (D:7)
  2 adder skeletons
  A worm (D:2)
  2 dart slugs
  3 leopard geckos
  29 orcs
  3 giant cockroaches
  18 goblins
  11 hobgoblins
  4 jackals (D:5)
  4 quokkas
  2 ball pythons
  9 bats
  5 frilled lizards
  A giant cockroach zombie (D:5)
  5 kobolds
  A leopard gecko skeleton (D:7)
  5 rats
  A spectral orc (D:6)
186 creatures vanquished.

Notes
Turn   | Place    | Note
-------+----------+-------------------------------------------
     0 | D:1      | Alarkh the Demonspawn Monk began the quest for the Orb.
     0 | D:1      | Reached XP level 1. HP: 18/18 MP: 1/1
   156 | D:1      | Reached skill level 3 in Axes
   156 | D:1      | Gained mutation: You are partially covered in sharp spines. [demonic ancestry]
   156 | D:1      | Reached XP level 2. HP: 22/24 MP: 2/2
   338 | D:1      | You fall through a shaft!
   343 | D:2      | Noticed Jessica
   351 | D:2      | Killed Jessica
   351 | D:2      | Gained mutation: You have sharp fingernails. [demonic ancestry]
   351 | D:2      | Reached XP level 3. HP: 19/29 MP: 3/3
   978 | D:2      | Found a faded altar of an unknown god.
  1163 | D:2      | Reached XP level 4. HP: 19/35 MP: 4/4
  1392 | D:3      | Noticed Robin
  1405 | D:3      | Found a glowing golden altar of the Shining One.
  1461 | D:3      | Found a shimmering altar of Xom.
  1516 | D:3      | Found a bloodstained altar of Trog.
  1530 | D:3      | Became a worshipper of Trog the Wrathful
  1530 | D:3      | Reached * piety under Trog
  1530 | D:3      | Reached ** piety under Trog
  1697 | D:3      | Noticed Ijyb
  1709 | D:3      | Reached skill level 4 in Axes
  1714 | D:3      | Killed Ijyb
  1714 | D:3      | Reached XP level 5. HP: 40/42 MP: 5/5
  1800 | D:3      | Killed Robin
  1803 | D:3      | Found a shattered altar of Ashenzari.
  2046 | D:3      | Found a hide-covered altar of Uskayaw.
  2047 | D:3      | Found a sparkling altar of Nemelex Xobeh.
  2056 | D:3      | Found a glowing silver altar of Zin.
  2360 | D:4      | Noticed an ice beast
  2366 | D:4      | Killed an ice beast
  2366 | D:4      | Reached XP level 6. HP: 48/48 MP: 6/6
  2445 | D:4      | Found a staircase to the Ecumenical Temple.
  2449 | Temple   | Entered the Ecumenical Temple
  2654 | D:4      | Noticed an orc warrior
  2667 | D:4      | Reached skill level 5 in Axes
  2671 | D:4      | Killed an orc warrior
  2781 | D:4      | Reached XP level 7. HP: 44/54 MP: 7/7
  2805 | D:4      | Noticed Paps's ghost (amateur GrFi)
  2922 | D:4      | Killed Paps's ghost
  3300 | D:5      | Entered Level 5 of the Dungeon
  3328 | D:5      | Noticed Exporg's ghost (novice MiFi)
  3344 | D:5      | Killed Exporg's ghost
  3344 | D:5      | Reached skill level 6 in Axes
  3392 | D:5      | Gained mutation: You have very sharp fingernails. [demonic ancestry]
  3392 | D:5      | Reached XP level 8. HP: 23/61 MP: 8/8
  3665 | D:5      | Reached *** piety under Trog
  3859 | D:5      | Reached skill level 5 in Fighting
  3859 | D:5      | Reached skill level 7 in Axes
  4379 | D:5      | Found a sacrificial altar of Ru.
  4968 | D:6      | Found a basalt altar of Yredelemnul.
  5034 | D:6      | Found an opulent altar of Gozag.
  5188 | D:6      | Reached skill level 5 in Dodging
  5191 | D:6      | Noticed Pikel
  5208 | D:6      | Killed Pikel
  5208 | D:6      | Reached **** piety under Trog
  5208 | D:6      | Reached skill level 8 in Axes
  5208 | D:6      | Gained mutation: You are partially covered in slimy green scales. (AC +2) [demonic ancestry]
  5208 | D:6      | Reached XP level 9. HP: 69/69 MP: 9/9
  5284 | D:6      | Found a radiant altar of Vehumet.
  5467 | D:7      | Found a bloodstained altar of Trog.
  5470 | D:7      | Noticed Joseph
  5481 | D:7      | Killed Joseph
  5545 | D:7      | Reached skill level 5 in Stealth
  6481 | D:7      | Reached skill level 9 in Axes
  6716 | D:8      | Gained mutation: You regenerate a little health from kills. [demonic ancestry]
  6716 | D:8      | Reached XP level 10. HP: 18/79 MP: 10/10
  6724 | D:8      | Mangled by an ogre

Skill      XL: |  1  2  3  4  5  6  7  8  9 |
---------------+----------------------------+-----
Axes           | 3 4 5 6 8 9 |  9.3
Dodging        | 3 4 5 6 |  6.2
Stealth        | 2 3 4 5 |  5.8
Fighting       | 4 6 7 |  7.2

Action                   |  1- 3 |  4- 6 |  7- 9 | 10-12 || total
-------------------------+-------+-------+-------+-------++-------
Melee: Hand axe          |    81 |    89 |   333 |     1 ||   504
Invok: Berserk           |       |     3 |     8 |       ||    11
  Use: Scroll            |       |     3 |     1 |       ||     4
 Stab: Sleeping          |     2 |     2 |    12 |       ||    16
       Distracted        |       |     1 |     1 |       ||     2
  Eat: Chunk             |     1 |     8 |    19 |     1 ||    29
       Bread ration      |       |     1 |       |       ||     1
Armor: Robe              |    17 |    11 |    37 |       ||    65
Dodge: Dodged            |    47 |    50 |   122 |       ||   219
Block: Other             |       |    21 |    53 |       ||    74
       Reflection        |       |     1 |       |       ||     1
